[ PARTIDA AOE2 · #468198908 ]
UnrankedMagiares vs Mapuche
[ ANÁLISIS DE REPETICIÓN · EXTRAÍDO DE LA PARTIDA GRABADA ]
Feudal
9:33
Castillos
24:36
Imperial
39:19
| APM promedio | 36.5 |
| APM pico | 72 |
| eAPM promedio | 18.7 |
| Aldeanos / militares | 177 / 630 |
Foco
⚔️ 36.3% · 🌾 63.7%
Scout Cavalry ×418 · Cavalry Archer ×186 · Archer ×11 · Trebuchet (Packed) ×9 · Skirmisher ×4 · Monk ×2
Feudal
10:02
Castillos
21:39
Imperial
43:31
| APM promedio | 38.0 |
| APM pico | 89 |
| eAPM promedio | 18.3 |
| Aldeanos / militares | 180 / 325 |
Foco
⚔️ 46.3% · 🌾 53.7%
Bolas Rider ×108 · Skirmisher ×99 · Spearman ×89 · Unknown (2550) ×59 · Petard ×15 · Trade Cart ×15
Feudal
9:39
Castillos
19:14
Imperial
38:34
| APM promedio | 30.5 |
| APM pico | 95 |
| eAPM promedio | 15.6 |
| Aldeanos / militares | 143 / 209 |
Foco
⚔️ 29.6% · 🌾 70.4%
Spearman ×178 · Unknown (1944) ×78 · Unknown (1952) ×42 · Skirmisher ×14 · Scout Cavalry ×12 · Unknown (1942) ×6
Feudal
11:35
Castillos
23:27
Imperial
36:38
| APM promedio | 24.5 |
| APM pico | 107 |
| eAPM promedio | 12.0 |
| Aldeanos / militares | 164 / 193 |
Foco
⚔️ 33.1% · 🌾 66.9%
Spearman ×78 · Knight ×41 · Camel Scout ×38 · Cataphract ×21 · Trebuchet (Packed) ×9 · Bombard Cannon ×5
Mapa de la partida
Recursos iniciales + cada clic de construcción. Líneas = muros · curvas = relieve. ◆ oro · ⬟ piedra · ● bayas · ✦ reliquia · ◌ hueco del cierre
Tu base· ✓ Cerrada en 24:36 · 25t muro · sin puerta
Base de Exori· Abierta — flanco sin cerrar
Base de SEELENFKR.· Abierta — hueco de 6t
Base de Cucharita· Abierta — hueco de 5t
Terreno inicial suavizado · ◌ = hueco del cierre detectado · pasá el cursor para detalles
Inputs por minuto
— WHY TOXIC - - Exori
Build order — WHY TOXIC
Primeras 150 de 557 acciones detectadas
| 0:04 | Construir | House |
| 0:04 | Crear | Villager (Male) |
| 0:05 | Crear | Villager (Male) |
| 0:05 | Crear | Villager (Male) |
| 0:06 | Construir | House |
| 0:20 | Crear | Villager (Male) |
| 1:36 | Crear | Villager (Male) |
| 1:54 | Construir | Lumber Camp |
| 2:02 | Crear | Villager (Male) |
| 2:20 | Crear | Villager (Male) |
| 3:00 | Crear | Villager (Male) |
| 3:20 | Crear | Villager (Male) |
| 3:44 | Construir | House |
| 3:54 | Crear | Villager (Male) |
| 3:54 | Crear | Villager (Male) |
| 4:26 | Construir | Mill |
| 4:53 | Crear | Villager (Male) |
| 4:54 | Crear | Villager (Male) |
| 5:05 | Crear | Villager (Male) |
| 5:17 | Crear | Villager (Male) |
| 5:31 | Crear | Villager (Male) |
| 6:37 | Investigar | Loom |
| 7:13 | Investigar | Feudal Age |
| 8:11 | Construir | House |
| 8:22 | Construir | Barracks |
| 8:31 | Crear | Villager (Male) |
| 9:29 | Crear | Villager (Male) |
| 9:30 | Crear | Villager (Male) |
| 9:33 | Edad | Edad Feudal |
| 9:36 | Investigar | Double-Bit Axe |
| 9:37 | Investigar | Horse Collar |
| 9:51 | Construir | Archery Range |
| 10:01 | Crear | Villager (Male) |
| 10:16 | Construir | Mining Camp |
| 10:22 | Crear | Villager (Male) |
| 10:27 | Crear | Villager (Male) |
| 10:40 | Construir | House |
| 10:45 | Construir | Palisade Wall |
| 10:54 | Crear | Villager (Male) |
| 10:59 | Construir | House |
| 11:10 | Construir | Palisade Wall |
| 11:19 | Crear | Archer |
| 11:20 | Crear | Archer |
| 11:26 | Crear | Villager (Male) |
| 11:28 | Construir | Farm |
| 11:30 | Construir | Farm |
| 11:33 | Construir | Farm |
| 11:37 | Construir | Farm |
| 11:50 | Construir | Farm |
| 11:58 | Construir | Farm |
| 12:00 | Crear | Villager (Male) |
| 12:07 | Crear | Archer |
| 12:34 | Construir | Farm |
| 12:36 | Crear | Villager (Male) |
| 12:38 | Crear | Archer |
| 12:51 | Construir | House |
| 12:58 | Construir | Farm |
| 12:59 | Crear | Villager (Male) |
| 13:07 | Crear | Archer |
| 13:11 | Construir | House |
| 13:24 | Crear | Villager (Male) |
| 13:26 | Crear | Archer |
| 13:47 | Crear | Villager (Male) |
| 13:55 | Construir | Blacksmith |
| 14:00 | Crear | Villager (Male) |
| 14:05 | Construir | House |
| 14:28 | Crear | Villager (Male) |
| 14:37 | Construir | House |
| 14:40 | Construir | Palisade Wall |
| 14:44 | Crear | Villager (Male) |
| 14:48 | Construir | Farm |
| 14:50 | Construir | Farm |
| 15:11 | Construir | Farm |
| 15:16 | Construir | Lumber Camp |
| 15:27 | Construir | House |
| 15:29 | Crear | Villager (Male) |
| 15:38 | Crear | Skirmisher |
| 15:38 | Crear | Skirmisher |
| 16:12 | Construir | Farm |
| 16:13 | Crear | Villager (Male) |
| 16:37 | Construir | House |
| 16:41 | Construir | Farm |
| 16:43 | Construir | Farm |
| 16:49 | Crear | Skirmisher |
| 16:59 | Crear | Villager (Male) |
| 17:03 | Crear | Skirmisher |
| 17:23 | Construir | Mining Camp |
| 17:27 | Construir | Mining Camp |
| 17:31 | Construir | Lumber Camp |
| 17:43 | Investigar | Fletching |
| 17:46 | Crear | Archer |
| 17:46 | Crear | Archer |
| 18:11 | Crear | Villager (Male) |
| 18:13 | Crear | Villager (Male) |
| 18:13 | Crear | Villager (Male) |
| 18:30 | Construir | Palisade Wall |
| 18:35 | Construir | House |
| 18:48 | Crear | Villager (Male) |
| 19:24 | Crear | Villager (Male) |
| 19:24 | Crear | Villager (Male) |
| 19:37 | Crear | Archer |
| 19:37 | Crear | Archer |
| 19:45 | Crear | Villager (Male) |
| 19:45 | Crear | Villager (Male) |
| 20:00 | Crear | Villager (Male) |
| 20:09 | Crear | Villager (Male) |
| 20:12 | Crear | Villager (Male) |
| 20:16 | Construir | House |
| 20:22 | Crear | Villager (Male) |
| 20:28 | Investigar | Wheelbarrow |
| 20:44 | Crear | Villager (Male) |
| 20:50 | Construir | Farm |
| 20:50 | Construir | Farm |
| 20:51 | Construir | Farm |
| 20:51 | Construir | Farm |
| 20:54 | Construir | Farm |
| 20:55 | Construir | Farm |
| 20:58 | Crear | Villager (Male) |
| 21:12 | Crear | Villager (Male) |
| 21:12 | Crear | Villager (Male) |
| 21:18 | Construir | House |
| 21:47 | Investigar | Castle Age |
| 21:50 | Crear | Villager (Male) |
| 22:43 | Crear | Villager (Male) |
| 22:51 | Construir | Archery Range |
| 23:00 | Crear | Villager (Male) |
| 23:32 | Construir | Palisade Wall |
| 23:50 | Construir | Market |
| 24:17 | Crear | Villager (Male) |
| 24:17 | Crear | Villager (Male) |
| 24:36 | Edad | Edad de los Castillos |
| 24:38 | Crear | Cavalry Archer ×5 |
| 24:44 | Investigar | Bodkin Arrow |
| 24:50 | Construir | Town Center |
| 25:12 | Construir | Farm |
| 25:19 | Investigar | Bow Saw |
| 25:21 | Investigar | Heavy Plow |
| 25:43 | Crear | Cavalry Archer ×5 |
| 25:52 | Investigar | Gold Mining |
| 26:41 | Crear | Villager (Male) |
| 26:41 | Crear | Villager (Male) |
| 26:42 | Crear | Villager (Male) |
| 26:42 | Crear | Villager (Male) |
| 26:42 | Crear | Villager (Male) |
| 26:45 | Construir | Farm |
| 26:45 | Construir | Farm |
| 26:45 | Construir | Farm |
| 26:46 | Construir | Farm |
| 27:04 | Construir | Town Center |
| 27:09 | Crear | Villager (Male) |
Build order — Exori
Primeras 150 de 664 acciones detectadas
| 0:02 | Crear | Villager (Male) |
| 0:02 | Crear | Villager (Male) |
| 0:04 | Construir | House |
| 0:05 | Construir | House |
| 0:11 | Crear | Villager (Male) ×2 |
| 1:45 | Crear | Villager (Male) |
| 1:48 | Construir | Settlement |
| 2:06 | Crear | Villager (Male) |
| 2:39 | Crear | Villager (Male) |
| 2:58 | Crear | Villager (Male) |
| 3:05 | Crear | Villager (Male) |
| 3:49 | Crear | Villager (Male) |
| 4:02 | Crear | Villager (Male) |
| 4:17 | Construir | Settlement |
| 4:48 | Crear | Villager (Male) |
| 4:48 | Crear | Villager (Male) |
| 4:48 | Crear | Villager (Male) |
| 5:23 | Crear | Villager (Male) |
| 6:10 | Construir | Settlement |
| 6:12 | Crear | Villager (Male) |
| 6:16 | Crear | Villager (Male) |
| 6:17 | Crear | Villager (Male) |
| 6:18 | Investigar | Loom |
| 7:47 | Construir | Barracks |
| 7:49 | Investigar | Feudal Age |
| 7:56 | Construir | House |
| 8:02 | Construir | Palisade Wall |
| 9:18 | Construir | Palisade Gate |
| 9:20 | Construir | Palisade Wall |
| 10:02 | Edad | Edad Feudal |
| 10:09 | Construir | Archery Range |
| 10:14 | Investigar | Double-Bit Axe |
| 10:15 | Crear | Spearman |
| 10:16 | Crear | Spearman |
| 10:19 | Crear | Spearman |
| 10:20 | Crear | Villager (Male) |
| 10:20 | Crear | Villager (Male) |
| 10:47 | Construir | Blacksmith |
| 10:49 | Crear | Villager (Male) |
| 11:11 | Crear | Villager (Male) |
| 11:22 | Crear | Archer |
| 11:23 | Crear | Archer |
| 11:34 | Crear | Spearman |
| 11:52 | Construir | Farm |
| 11:52 | Construir | Farm |
| 11:53 | Construir | Farm |
| 11:54 | Construir | Farm |
| 12:02 | Construir | Farm |
| 12:04 | Construir | Farm |
| 12:15 | Investigar | Fletching |
| 12:21 | Crear | Spearman |
| 12:37 | Crear | Archer |
| 12:55 | Crear | Villager (Male) |
| 12:58 | Crear | Archer |
| 13:19 | Crear | Villager (Male) |
| 13:25 | Construir | Farm |
| 13:46 | Crear | Villager (Male) |
| 13:51 | Construir | House |
| 13:53 | Construir | House |
| 14:01 | Construir | Farm |
| 14:09 | Construir | House |
| 14:11 | Construir | Farm |
| 14:14 | Crear | Villager (Male) |
| 14:18 | Construir | Farm |
| 14:19 | Construir | Farm |
| 14:39 | Crear | Archer |
| 14:40 | Crear | Archer |
| 14:50 | Crear | Villager (Male) |
| 14:54 | Construir | Farm |
| 15:43 | Crear | Villager (Male) |
| 16:05 | Crear | Villager (Male) |
| 16:38 | Crear | Villager (Male) |
| 16:38 | Crear | Villager (Male) |
| 17:17 | Construir | Farm |
| 17:20 | Construir | Farm |
| 17:26 | Crear | Archer |
| 17:26 | Crear | Archer |
| 17:40 | Crear | Villager (Male) |
| 17:45 | Construir | Market |
| 17:54 | Investigar | Padded Archer Armor |
| 17:58 | Crear | Spearman |
| 17:59 | Crear | Spearman |
| 18:04 | Crear | Skirmisher |
| 18:04 | Crear | Skirmisher |
| 18:13 | Crear | Villager (Male) |
| 18:38 | Construir | Farm |
| 18:48 | Crear | Villager (Male) |
| 18:59 | Investigar | Castle Age |
| 20:00 | Construir | House |
| 20:27 | Construir | Archery Range |
| 21:12 | Crear | Villager (Male) |
| 21:31 | Investigar | Horse Collar |
| 21:35 | Construir | Farm |
| 21:39 | Edad | Edad de los Castillos |
| 21:43 | Investigar | Bodkin Arrow |
| 21:45 | Crear | Bolas Rider |
| 22:07 | Crear | Bolas Rider |
| 22:08 | Crear | Bolas Rider |
| 22:11 | Crear | Villager (Male) |
| 22:38 | Crear | Villager (Male) |
| 22:56 | Investigar | Bow Saw |
| 23:25 | Crear | Villager (Male) |
| 23:26 | Crear | Villager (Male) |
| 23:27 | Crear | Bolas Rider |
| 23:28 | Crear | Bolas Rider |
| 23:28 | Crear | Bolas Rider |
| 23:29 | Crear | Bolas Rider |
| 23:54 | Crear | Villager (Male) |
| 24:02 | Investigar | Leather Archer Armor |
| 24:10 | Crear | Villager (Male) |
| 24:15 | Crear | Villager (Male) |
| 24:22 | Construir | University |
| 24:25 | Crear | Villager (Male) |
| 24:39 | Crear | Bolas Rider |
| 24:40 | Crear | Bolas Rider |
| 24:41 | Crear | Bolas Rider |
| 24:49 | Crear | Villager (Male) |
| 24:54 | Investigar | Tech 1402 |
| 25:00 | Investigar | Scale Mail Armor |
| 25:09 | Construir | House |
| 25:10 | Construir | House |
| 25:12 | Construir | House |
| 25:17 | Crear | Bolas Rider |
| 25:17 | Crear | Bolas Rider |
| 25:34 | Crear | Bolas Rider |
| 25:36 | Crear | Villager (Male) |
| 25:36 | Crear | Villager (Male) |
| 26:03 | Crear | Bolas Rider |
| 26:03 | Crear | Bolas Rider |
| 26:06 | Crear | Villager (Male) |
| 26:25 | Crear | Bolas Rider |
| 26:25 | Crear | Bolas Rider |
| 26:52 | Crear | Villager (Male) |
| 27:02 | Construir | Barracks |
| 27:13 | Crear | Villager (Male) |
| 27:23 | Construir | Town Center |
| 27:54 | Crear | Bolas Rider |
| 27:55 | Crear | Bolas Rider |
| 27:56 | Crear | Villager (Male) |
| 27:57 | Crear | Villager (Male) |
| 27:59 | Crear | Bolas Rider |
| 28:01 | Crear | Villager (Male) |
| 28:22 | Investigar | Ballistics |
| 28:26 | Construir | House |
| 28:27 | Construir | House |
| 28:27 | Construir | House |
| 28:27 | Construir | House |
| 28:31 | Crear | Bolas Rider |
| 28:31 | Crear | Bolas Rider |
| 28:45 | Crear | Villager (Male) |
Build order — SEELENFKR.
Primeras 150 de 457 acciones detectadas
| 0:02 | Construir | House |
| 0:04 | Construir | House |
| 0:05 | Crear | Villager (Male) |
| 0:05 | Crear | Villager (Male) |
| 0:05 | Crear | Villager (Male) |
| 0:06 | Crear | Villager (Male) |
| 1:36 | Crear | Villager (Male) |
| 1:37 | Crear | Villager (Male) |
| 1:52 | Construir | Lumber Camp |
| 2:16 | Crear | Villager (Male) |
| 2:16 | Crear | Villager (Male) |
| 2:33 | Crear | Villager (Male) |
| 3:00 | Crear | Villager (Male) |
| 3:00 | Crear | Villager (Male) |
| 3:16 | Crear | Villager (Male) |
| 3:40 | Construir | House |
| 3:45 | Construir | House |
| 4:04 | Crear | Villager (Male) |
| 4:04 | Crear | Villager (Male) |
| 4:04 | Crear | Villager (Male) |
| 4:33 | Construir | Mill |
| 4:43 | Crear | Villager (Male) |
| 4:51 | Crear | Villager (Male) |
| 4:51 | Crear | Villager (Male) |
| 5:26 | Crear | Villager (Male) |
| 5:36 | Crear | Villager (Male) |
| 5:56 | Crear | Villager (Male) |
| 6:31 | Investigar | Loom |
| 7:29 | Investigar | Feudal Age |
| 8:26 | Construir | Barracks |
| 8:28 | Construir | House |
| 9:02 | Crear | Villager (Male) |
| 9:39 | Crear | Villager (Male) |
| 9:39 | Edad | Edad Feudal |
| 9:41 | Investigar | Double-Bit Axe |
| 9:41 | Investigar | Horse Collar |
| 9:53 | Construir | Stable |
| 10:25 | Crear | Villager (Male) |
| 10:50 | Crear | Villager (Male) |
| 10:53 | Crear | Scout Cavalry |
| 10:54 | Crear | Scout Cavalry |
| 10:57 | Crear | Scout Cavalry |
| 11:08 | Construir | Blacksmith |
| 11:13 | Construir | Palisade Wall |
| 11:15 | Construir | Palisade Gate |
| 11:28 | Crear | Scout Cavalry |
| 11:34 | Crear | Villager (Male) |
| 11:37 | Crear | Scout Cavalry |
| 11:47 | Construir | Farm |
| 11:58 | Crear | Scout Cavalry |
| 12:12 | Construir | Farm |
| 12:17 | Construir | Farm |
| 12:18 | Crear | Villager (Male) |
| 12:29 | Construir | House |
| 12:39 | Construir | Farm |
| 12:40 | Construir | Farm |
| 12:42 | Construir | Farm |
| 12:45 | Construir | Farm |
| 12:52 | Construir | Farm |
| 13:01 | Crear | Villager (Male) |
| 13:02 | Crear | Villager (Male) |
| 13:02 | Crear | Villager (Male) |
| 13:29 | Construir | Palisade Wall |
| 13:39 | Construir | Mining Camp |
| 15:09 | Construir | House |
| 15:11 | Construir | House |
| 15:12 | Construir | Palisade Wall |
| 15:19 | Construir | Farm |
| 15:22 | Construir | Farm |
| 15:24 | Construir | Farm |
| 16:16 | Construir | Farm |
| 16:17 | Construir | Farm |
| 16:21 | Construir | Farm |
| 16:23 | Construir | Farm |
| 16:34 | Investigar | Castle Age |
| 16:53 | Investigar | Scale Barding Armor |
| 17:12 | Construir | Palisade Wall |
| 17:17 | Construir | Palisade Gate |
| 17:27 | Construir | Palisade Wall |
| 17:33 | Construir | House |
| 18:22 | Construir | Palisade Wall |
| 18:48 | Construir | Archery Range |
| 18:55 | Construir | Palisade Gate |
| 19:10 | Construir | Palisade Gate |
| 19:14 | Edad | Edad de los Castillos |
| 19:20 | Investigar | Bow Saw |
| 19:22 | Crear | Villager (Male) |
| 19:22 | Crear | Villager (Male) |
| 19:23 | Crear | Villager (Male) |
| 19:23 | Crear | Villager (Male) |
| 19:35 | Construir | Town Center |
| 19:59 | Construir | Lumber Camp |
| 20:02 | Crear | Villager (Male) |
| 20:12 | Investigar | Bloodlines |
| 20:13 | Investigar | Husbandry |
| 20:14 | Crear | Unit 1944 |
| 20:14 | Crear | Unit 1944 |
| 20:14 | Crear | Unit 1944 |
| 20:14 | Crear | Unit 1944 |
| 20:42 | Construir | House |
| 20:43 | Construir | House |
| 20:50 | Crear | Unit 1952 |
| 20:52 | Crear | Unit 1952 |
| 20:55 | Crear | Unit 1952 |
| 21:05 | Crear | Villager (Male) |
| 21:14 | Crear | Villager (Male) |
| 21:48 | Construir | Palisade Wall |
| 22:11 | Crear | Unit 1944 |
| 22:22 | Crear | Villager (Male) |
| 22:22 | Crear | Villager (Male) |
| 22:23 | Crear | Villager (Male) |
| 22:24 | Crear | Villager (Male) |
| 22:24 | Crear | Villager (Male) |
| 22:33 | Crear | Villager (Male) |
| 22:34 | Crear | Villager (Male) |
| 22:48 | Construir | House |
| 22:49 | Construir | House |
| 23:38 | Crear | Unit 1944 |
| 23:38 | Crear | Unit 1944 |
| 23:48 | Construir | Town Center |
| 23:54 | Crear | Villager (Male) |
| 23:54 | Crear | Villager (Male) |
| 25:26 | Crear | Villager (Male) |
| 25:26 | Crear | Villager (Male) |
| 25:26 | Crear | Villager (Male) |
| 26:05 | Crear | Villager (Male) |
| 26:05 | Crear | Villager (Male) |
| 26:06 | Crear | Villager (Male) |
| 26:07 | Crear | Villager (Male) |
| 26:07 | Crear | Villager (Male) |
| 26:16 | Construir | Palisade Wall |
| 26:58 | Investigar | Chain Barding Armor |
| 26:58 | Investigar | Fletching |
| 27:25 | Crear | Villager (Male) |
| 27:25 | Crear | Villager (Male) |
| 27:26 | Crear | Villager (Male) |
| 27:27 | Crear | Villager (Male) |
| 27:27 | Crear | Villager (Male) |
| 27:39 | Construir | Castle |
| 27:57 | Investigar | Thumb Ring |
| 28:06 | Crear | Skirmisher |
| 28:06 | Crear | Skirmisher |
| 28:06 | Crear | Skirmisher |
| 28:07 | Crear | Skirmisher |
| 28:57 | Construir | Mining Camp |
| 29:00 | Crear | Villager (Male) |
| 29:00 | Crear | Villager (Male) |
| 29:01 | Crear | Villager (Male) |
| 29:25 | Investigar | Elite Skirmisher (upgrade) |
| 30:02 | Construir | University |
Build order — Cucharita
Primeras 150 de 345 acciones detectadas
| 0:01 | Crear | Villager (Male) |
| 0:01 | Crear | Villager (Male) |
| 0:03 | Construir | House |
| 0:04 | Construir | House |
| 0:48 | Crear | Villager (Male) |
| 0:49 | Crear | Villager (Male) |
| 0:49 | Crear | Villager (Male) |
| 1:25 | Crear | Villager (Male) |
| 1:26 | Crear | Villager (Male) |
| 1:54 | Crear | Villager (Male) |
| 1:54 | Crear | Villager (Male) |
| 2:24 | Crear | Villager (Male) |
| 2:24 | Crear | Villager (Male) |
| 2:30 | Construir | Lumber Camp |
| 3:36 | Crear | Villager (Male) |
| 3:36 | Crear | Villager (Male) |
| 3:36 | Crear | Villager (Male) |
| 4:13 | Construir | House |
| 4:17 | Crear | Villager (Male) |
| 4:36 | Crear | Villager (Male) |
| 4:37 | Crear | Villager (Male) |
| 4:42 | Construir | Mill |
| 5:42 | Crear | Villager (Male) |
| 5:42 | Crear | Villager (Male) |
| 6:05 | Crear | Villager (Male) |
| 6:38 | Crear | Villager (Male) |
| 6:55 | Crear | Villager (Male) |
| 7:08 | Crear | Villager (Male) |
| 7:08 | Crear | Villager (Male) |
| 7:15 | Construir | House |
| 8:53 | Investigar | Loom |
| 9:21 | Crear | Villager (Male) |
| 9:25 | Investigar | Feudal Age |
| 9:36 | Construir | House |
| 9:44 | Construir | Palisade Wall |
| 9:50 | Construir | House |
| 9:54 | Construir | Palisade Wall |
| 10:17 | Construir | Barracks |
| 10:22 | Construir | House |
| 10:24 | Construir | House |
| 10:30 | Construir | Palisade Wall |
| 10:35 | Construir | House |
| 10:42 | Crear | Villager (Male) |
| 10:47 | Construir | Farm |
| 11:24 | Construir | Palisade Gate |
| 11:35 | Edad | Edad Feudal |
| 11:41 | Crear | Villager (Male) |
| 11:41 | Crear | Villager (Male) |
| 11:50 | Construir | Market |
| 11:52 | Construir | Blacksmith |
| 11:59 | Crear | Villager (Male) |
| 12:15 | Construir | Farm |
| 12:18 | Crear | Villager (Male) |
| 12:26 | Construir | House |
| 12:31 | Construir | Palisade Wall |
| 12:41 | Construir | Stable |
| 12:53 | Construir | Stable |
| 13:13 | Construir | Farm |
| 13:15 | Construir | Farm |
| 13:22 | Construir | Farm |
| 13:33 | Construir | Farm |
| 13:43 | Crear | Spearman ×4 |
| 14:10 | Crear | Scout Cavalry |
| 14:37 | Crear | Villager (Male) |
| 14:37 | Crear | Villager (Male) |
| 14:37 | Crear | Villager (Male) |
| 14:38 | Crear | Villager (Male) |
| 14:51 | Construir | Mining Camp |
| 15:13 | Construir | Farm |
| 15:16 | Construir | Farm |
| 15:23 | Crear | Spearman |
| 15:33 | Construir | Farm |
| 15:34 | Construir | Farm |
| 15:47 | Construir | Farm |
| 15:56 | Crear | Villager (Male) |
| 16:11 | Construir | House |
| 16:12 | Construir | House |
| 16:13 | Construir | House |
| 16:15 | Construir | House |
| 16:22 | Crear | Villager (Male) |
| 16:28 | Construir | Farm |
| 16:39 | Crear | Villager (Male) |
| 16:47 | Construir | Lumber Camp |
| 16:56 | Crear | Villager (Male) |
| 17:12 | Construir | Farm |
| 17:15 | Construir | Farm |
| 17:20 | Crear | Villager (Male) |
| 17:24 | Construir | Farm |
| 17:26 | Construir | Farm |
| 17:40 | Construir | Farm |
| 17:49 | Investigar | Double-Bit Axe |
| 17:55 | Investigar | Horse Collar |
| 18:34 | Crear | Villager (Male) |
| 18:34 | Crear | Villager (Male) |
| 18:36 | Crear | Villager (Male) |
| 18:44 | Construir | Mill |
| 18:47 | Construir | Farm |
| 18:48 | Construir | Farm |
| 18:49 | Construir | Farm |
| 19:12 | Construir | Farm |
| 19:49 | Crear | Villager (Male) |
| 19:49 | Crear | Villager (Male) |
| 19:58 | Construir | Mining Camp |
| 20:18 | Construir | Farm |
| 20:47 | Investigar | Castle Age |
| 21:14 | Construir | Stable |
| 21:23 | Investigar | Forging |
| 21:28 | Investigar | Gold Mining |
| 21:56 | Construir | House |
| 21:59 | Construir | House |
| 22:01 | Construir | House |
| 22:19 | Investigar | Scale Barding Armor |
| 22:26 | Construir | Stable |
| 23:10 | Investigar | Wheelbarrow |
| 23:27 | Edad | Edad de los Castillos |
| 23:33 | Construir | Stable |
| 23:43 | Investigar | Husbandry |
| 23:47 | Crear | Knight ×4 |
| 24:06 | Crear | Villager (Male) ×5 |
| 24:12 | Investigar | Bow Saw |
| 24:22 | Investigar | Heavy Plow |
| 24:25 | Crear | Villager (Male) |
| 24:34 | Construir | House |
| 24:34 | Construir | House |
| 24:35 | Construir | House |
| 25:27 | Crear | Villager (Male) |
| 25:28 | Crear | Villager (Male) |
| 25:36 | Construir | Farm |
| 25:37 | Construir | Farm |
| 25:57 | Crear | Knight ×2 |
| 26:12 | Construir | Town Center |
| 26:18 | Construir | Farm |
| 26:37 | Investigar | Iron Casting |
| 26:43 | Investigar | Gold Shaft Mining |
| 26:54 | Construir | House |
| 26:56 | Construir | House |
| 27:05 | Crear | Villager (Male) |
| 27:08 | Crear | Villager (Male) |
| 27:32 | Crear | Camel Scout |
| 27:46 | Crear | Villager (Male) |
| 27:47 | Crear | Villager (Male) |
| 27:47 | Crear | Villager (Male) |
| 27:50 | Crear | Villager (Male) |
| 27:50 | Crear | Villager (Male) |
| 27:51 | Crear | Villager (Male) |
| 28:06 | Crear | Camel Scout ×2 |
| 28:06 | Crear | Camel Scout ×2 |
| 28:16 | Crear | Camel Scout ×2 |
| 28:16 | Crear | Camel Scout ×2 |
| 28:21 | Crear | Villager (Male) |
Cronología de la partida
| 7:47 | Exori · first_building Barracks |
| 8:02 | Exori · wall_segment Palisade Wall x2 |
| 8:22 | WHY TOXIC · first_building Barracks |
| 8:26 | SEELENFKR. · first_building Barracks |
| 9:20 | Exori · wall_segment Palisade Wall x1 |
| 9:33 | WHY TOXIC · age_up feudal |
| 9:39 | SEELENFKR. · age_up feudal |
| 9:44 | Cucharita · wall_segment Palisade Wall x5 |
| 9:51 | WHY TOXIC · first_building Archery Range |
| 9:53 | SEELENFKR. · first_building Stable |
| 9:54 | Cucharita · wall_segment Palisade Wall x3 |
| 10:02 | Exori · age_up feudal |
| 10:09 | Exori · first_building Archery Range |
| 10:17 | Cucharita · first_building Barracks |
| 10:30 | Cucharita · wall_segment Palisade Wall x4 |
| 10:45 | WHY TOXIC · wall_segment Palisade Wall x3 |
| 11:10 | WHY TOXIC · wall_segment Palisade Wall x8 |
| 11:13 | SEELENFKR. · wall_segment Palisade Wall x6 |
| 11:35 | Cucharita · age_up feudal |
| 12:31 | Cucharita · wall_segment Palisade Wall x4 |
| 12:41 | Cucharita · first_building Stable |
| 13:29 | SEELENFKR. · wall_segment Palisade Wall x6 |
| 14:40 | WHY TOXIC · wall_segment Palisade Wall x13 |
| 15:12 | SEELENFKR. · wall_segment Palisade Wall x1 |
| 17:12 | SEELENFKR. · wall_segment Palisade Wall x6 |
| 17:27 | SEELENFKR. · wall_segment Palisade Wall x1 |
| 18:22 | SEELENFKR. · wall_segment Palisade Wall x16 |
| 18:30 | WHY TOXIC · wall_segment Palisade Wall x1 |
| 18:48 | SEELENFKR. · first_building Archery Range |
| 19:14 | SEELENFKR. · age_up castle |
| 20:42 | Cucharita · first_market_buy 100 food |
| 20:43 | Cucharita · first_market_sell 100 wood |
| 21:39 | Exori · age_up castle |
| 21:48 | SEELENFKR. · wall_segment Palisade Wall x4 |
| 23:27 | Cucharita · age_up castle |
| 23:32 | WHY TOXIC · wall_segment Palisade Wall x1 |
| 24:36 | WHY TOXIC · age_up castle |
| 26:16 | SEELENFKR. · wall_segment Palisade Wall x13 |
| 27:39 | SEELENFKR. · first_building Castle |
| 28:40 | WHY TOXIC · first_building Monastery |
| 29:13 | WHY TOXIC · first_building Stable |
| 32:29 | Cucharita · first_building Castle |
| 32:40 | Cucharita · first_building Monastery |
| 35:18 | SEELENFKR. · first_market_buy 100 food |
| 35:36 | SEELENFKR. · first_building Siege Workshop |
| 36:03 | WHY TOXIC · first_building Castle |
| 36:38 | Cucharita · age_up imperial |
| 38:34 | SEELENFKR. · age_up imperial |
| 38:44 | Cucharita · first_building Siege Workshop |
| 38:49 | Exori · first_market_sell 100 food |
| 39:02 | Exori · first_building Monastery |
| 39:14 | Cucharita · wall_segment Stone Wall x15 |
| 39:19 | WHY TOXIC · age_up imperial |
| 39:26 | WHY TOXIC · wall_segment Stone Wall x1 |
| 42:46 | SEELENFKR. · first_market_sell 100 stone |
| 43:31 | Exori · age_up imperial |
| 43:37 | Exori · first_building Siege Workshop |
| 49:46 | WHY TOXIC · first_market_sell 100 food |
| 50:37 | Exori · first_building Castle |
| 53:07 | WHY TOXIC · wall_segment Stone Wall x13 |
| 56:11 | WHY TOXIC · wall_segment Stone Wall x5 |
| 57:54 | WHY TOXIC · wall_segment Stone Wall x1 |
| 62:30 | Cucharita · first_building Archery Range |
| 63:44 | Exori · resign |
[ ANÁLISIS IA · 1 CRÉDITO ]
¿Qué pasó realmente en esta partida?
Wolo.gg analiza cada decisión: build order, eco, micro, errores típicos por bracket. Análisis personalizado por WhatsApp o Discord en 30 segundos.
Guía civ
Magiares
Perfil
Jugador #1579535